 Dungeon Crawl Stone Soup version 0.22.0-49-gab54619 (webtiles) character file.

332035 shmeve the Peltast (level 20, -6/289 HPs)
             Began as a Minotaur Berserker on Sept 3, 2018.
             Was the Champion of Trog.
             Mangled by a large abomination (12 damage)
             ... created by a deep elf death mage
             ... on level 4 of the Vaults.
             The game lasted 01:56:26 (34032 turns).

shmeve the Peltast (Minotaur Berserker)            Turns: 34032, Time: 01:56:26

Health: -6/289     AC: 22    Str: 33    XL:     20   Next: 88%
Magic:  6/6        EV: 22    Int:  4    God:    Trog [******]
Gold:   2185       SH: 33    Dex: 17    Spells: 19/19 levels left

rFire    + + .     SeeInvis +   M - +7 broad axe (antimagic)
rCold    . . .     Gourm    .   v - +8 large shield
rNeg     . . .     Faith    .   I - +3 plate armour {rPois}
rPois    +         Spirit   .   (helmet restricted)
rElec    .         Reflect  .   y - scarf {repulsion}
rCorr    .         Harm     .   F - +0 pair of gloves
MR       +....                  H - +0 pair of boots
Stlth    ..........             B - amulet of regeneration
HPRegen  1.98/turn              g - +6 ring of evasion
MPRegen  0.10/turn              R - ring "Jirech" {+Inv rF++ Dex+4 SInv}

@: berserking, vulnerable, regenerating, hasted, repel missiles, very quick
A: retaliatory headbutt, horns 2
}: 2/15 runes: decaying, gossamer
a: Berserk, Trog's Hand, Brothers in Arms, Renounce Religion, Evoke Invisibility


You were on level 4 of the Vaults.
You worshipped Trog.
Trog was exalted by your worship.
You were very hungry.

You visited 6 branches of the dungeon, and saw 36 of its levels.

You collected 4135 gold pieces.
You spent 1950 gold pieces at shops.

Inventory:

Hand Weapons
 f - the +8 war axe "Ceikyach" {freeze, rN++}
   (You found it on level 3 of the Lair of Beasts)

   It has been specially enchanted to freeze those struck by it, causing extra
   injury to most foes and up to half again as much damage against particularly
   susceptible opponents.
   It can also slow down cold-blooded creatures.
   It greatly protects you from negative energy.
 M - a +7 antimagic broad axe (weapon)
Missiles
 i - 5 javelins
 x - a throwing net
 C - 10 javelins of penetration
 E - 17 poisoned javelins
 L - 4 javelins of returning (quivered)
Armour
 v - a +8 large shield (worn)
 y - a scarf of repulsion (worn)
 F - a +0 pair of gloves (worn)
 H - a +0 pair of boots (worn)
 I - a +3 plate armour of poison resistance (worn)
Jewellery
 g - a +6 ring of evasion (left hand)
 B - an amulet of regeneration (around neck)
 G - an uncursed ring of flight
 R - the ring "Jirech" (right hand) {+Inv rF++ Dex+4 SInv}
   (You bought it in a shop on level 12 of the Dungeon)

   [ring of dexterity]

   It affects your dexterity (+4).
   It greatly protects you from fire.
   It lets you see invisible.
   It lets you turn invisible.
Wands
 b - a wand of disintegration (39)
 h - a wand of digging (5)
 J - a wand of iceblast (8)
Scrolls
 j - 6 scrolls of enchant weapon
 k - 11 scrolls of remove curse
 n - 2 scrolls of fear
 p - 16 scrolls of teleportation
 r - 4 scrolls of blinking
 s - 7 scrolls of identify
 t - 4 scrolls of silence
 w - 2 scrolls of fog
 D - 3 scrolls of magic mapping
 P - a scroll of holy word
Potions
 a - 4 potions of invisibility
 e - 13 potions of brilliance
 l - 7 potions of resistance
 m - 15 potions of curing
 o - 4 potions of cancellation
 u - 5 potions of flight
 z - 3 potions of heal wounds
 A - 4 potions of agility
 N - 2 potions of might
 O - 4 potions of haste
 S - 5 potions of ambrosia
Comestibles
 c - 43 rations
 d - 6 chunks of flesh


   Skills:
 * Level 19.7 Fighting
 * Level 19.6 Axes
 * Level 16.8 Throwing
 + Level 14.5 Armour
 + Level 13.5 Dodging
 * Level 20.0 Shields


You had 19 spell levels left.
You didn't know any spells.
Your spell library was empty.

Dungeon Overview and Level Annotations

Branches:
Dungeon (15/15)            Temple (0/1) D:4            Lair (6/6) D:10
  Swamp (4/4) Lair:3       Spider (4/4) Lair:3        Slime (0/5) Lair:5
    Orc (2/2) D:11            Elf (0/3) Orc:2        Vaults (5/5) D:13
  Crypt (0/3) Vaults:2     Depths (0/5) D:15

Altars:
Cheibriados
Fedhas
Gozag
Hepliaklqana
Kikubaaqudgha
Makhleb
Sif Muna
Uskayaw
Vehumet
Wu Jian
Zin
The Shining One
Beogh
Jiyva

Shops:
D:9 :*(!   D:12 *   Orc:2 *[[(   Vaults:1 }}*%(

Annotations:
Lair:3 exclusion: 2 oklob plants


Innate Abilities, Weirdness & Mutations

You reflexively headbutt those who attack you in melee.
You have a pair of horns on your head.


Message History

You block the storm dragon's attack. The storm dragon misses you.
The storm dragon completely misses you. The large abomination hits you!
* * * LOW HITPOINT WARNING * * *
You slice the storm dragon!! Your headbutt misses the storm dragon.
The storm dragon is severely wounded.
You slice the large abomination!! You slash the large abomination! x2
You hit the large abomination but do no damage.
You hit the large abomination.
The large abomination hits you but does no damage.
You block the large abomination's attack.
You are too berserk!
You barely miss the large abomination.
You headbutt the large abomination, but do no damage.
The large abomination is lightly damaged.
You hit the large abomination. You closely miss the large abomination.
Your shield prevents you from hitting the large abomination.
You slash the storm dragon! You slash the large abomination!
You block the storm dragon's attack. x2; The storm dragon misses you.
The large abomination hits you!
You die...

######### #.......#
#...†X).#############
#...D@X.#...##.##...#
#...XXX.'...##.##...#
#.......'...........#
#.......###.......###
#.......###.......###
#########...........#
###.......###
###.......###
#...........#


You could see a storm dragon and 5 large abominations.

Vanquished Creatures
  Saint Roka (Orc:2)
  Nikola (Spider:3)
  2 tentacled monstrosities
  2 titans
  A sphinx (Vaults:1)
  Kirke (Spider:3)
  Agnes (Spider:1)
  A thorn hunter (Swamp:2)
  A storm dragon (Vaults:5)
  5 tengu reavers
  A frost giant (Vaults:4)
  A revenant (Vaults:2)
  The ghost of zhngchq the Severer, a journeyman DDFi of Makhleb (Orc:2)
  2 fire giants
  13 vault wardens
  Louise (Spider:1)
  7 emperor scorpions
  5 ghost moths
  An orc warlord (Orc:2)
  A deep elf elementalist (Vaults:5)
  8 very ugly things
  14 stone giants
  2 entropy weavers
  A vampire knight (Vaults:2)
  13 ironheart preservers
  2 deep elf demonologists
  Snorg (Lair:4)
  3 deep elf death magi
  2 ettins
  Josephine (D:15)
  2 fire dragons
  9 yaktaur captains
  7 ogre magi
  A fire dragon (shapeshifter) (Vaults:5)
  2 ice dragons
  3 rakshasas
  24 hydras
  3 great orbs of eyes
  35 vault guards
  4 centaur warriors
  4 alligators
  2 death knights
  22 two-headed ogres
  A dancing weapon (Vaults:4)
  A tengu warrior (D:13)
  A deep troll earth mage (Vaults:2)
  2 deep troll shamans (Vaults:2)
  An orc high priest (Orc:1)
  12 death yaks
  2 spriggan berserkers (Swamp:4)
  6 deep elf knights
  2 skeletal warriors
  A shadow wraith (Vaults:5)
  A fire crab (shapeshifter) (Vaults:1)
  2 unseen horrors
  9 deep trolls
  A glowing orange brain (Vaults:3)
  8 swamp dragons (Swamp:4)
  2 spriggan druids (Swamp:4)
  A shambling mangrove (Swamp:4)
  2 phantasmal warriors
  2 deep elf archers
  6 wizards
  12 ironbrand convokers
  30 wolf spiders
  4 necromancers
  5 orc knights
  16 deep elf magi
  23 orb spiders
  A wolf spider (shapeshifter) (Vaults:4)
  21 ugly things
  2 fire giant zombies
  A manticore (shapeshifter) (D:14)
  4 orc sorcerers
  4 cyclopes
  A manticore (D:14)
  Maurice (Orc:1)
  5 black mambas
  An elephant (Lair:6)
  A salamander (shapeshifter) (Vaults:1)
  A black mamba (shapeshifter) (Vaults:3)
  A moth of wrath (Spider:3)
  A frost giant skeleton (Vaults:2)
  A guardian serpent (shapeshifter) (Vaults:3)
  14 vault sentinels
  A stone giant skeleton (Vaults:2)
  2 torpor snails (Spider:1)
  3 gargoyles
  22 spiny frogs
  3 human zombies
  A rime drake (Lair:5)
  47 yaktaurs
  7 centaur skeletons
  7 demonic crawlers
  An efreet (D:14)
  8 komodo dragons
  A tengu conjurer (D:13)
  A yaktaur skeleton (Vaults:2)
  4 freezing wraiths
  6 polar bears
  8 trolls
  3 trolls (shapeshifter)
  11 hornets
  4 bog bodies
  40 jumping spiders
  A tengu simulacrum (Vaults:3)
  5 tyrant leeches
  A hornet (shapeshifter) (Vaults:2)
  21 blink frogs
  21 slime creatures
  A dream sheep (shapeshifter) (Vaults:1)
  10 dream sheep (Lair:6)
  A stone giant simulacrum (Vaults:2)
  8 hippogriffs
  16 spriggans (Lair:6)
  A shadow (D:11)
  An ettin skeleton (Vaults:3)
  72 redbacks
  30 tarantellas
  8 wraiths
  A basilisk (Lair:4)
  5 wyverns
  3 humans
  A yak (shapeshifter) (Vaults:4)
  9 hogs
  34 yaks
  A steam dragon (D:11)
  3 hungry ghosts
  2 hogs (shapeshifter) (Vaults:4)
  25 vampire mosquitoes
  A golden eye (shapeshifter) (Vaults:1)
  A warg (Vaults:1)
  28 insubstantial wisps
  Edmund (D:4)
  A soldier ant (shapeshifter) (Vaults:4)
  A deep troll zombie (Vaults:5)
  14 swamp worms
  3 acid dragons
  11 porcupines
  12 water moccasins
  42 orc warriors
  A black bear (shapeshifter) (D:14)
  8 ice beasts
  9 swamp drakes
  3 phantoms
  4 sky beasts
  3 necrophages
  21 ogres
  8 boggarts
  3 black bears
  2 eyes of draining
  26 wolves
  6 centaurs
  13 crocodiles
  6 big kobolds
  26 bullfrogs
  A wyvern zombie (D:7)
  2 human skeletons
  A water moccasin zombie (D:5)
  6 scorpions
  An orc simulacrum (Vaults:2)
  7 wights
  4 killer bees
  2 howler monkeys (D:8)
  4 electric eels
  7 crimson imps
  2 centaur zombies
  2 bullfrog zombies (D:8)
  9 hounds
  3 quasits
  29 orc wizards
  3 bullfrog skeletons
  29 orc priests
  6 iguanas
  7 hell rats (Lair:3)
  12 worker ants
  A hound zombie (D:8)
  A hound skeleton (D:7)
  4 worker ant zombies
  16 gnolls
  2 howler monkey skeletons
  12 adders
  10 river rats (Lair:3)
  8 shadow imps
  An ooze (D:5)
  2 adder skeletons
  An adder zombie (D:10)
  A worm (D:5)
  2 dart slugs
  3 leopard geckos
  122 orcs
  2 ball pythons
  3 giant cockroaches
  4 goblins
  4 hobgoblins
  15 jackals
  7 quokkas
  4 bats
  7 frilled lizards
  29 kobolds
  2 leopard gecko zombies
  A quokka skeleton (D:8)
  18 rats
  A butterfly (Lair:5)
  6 fungi
  3 plants
1571 creatures vanquished.

Vanquished Creatures (others)
  An ironheart preserver (Vaults:5)
  An orb spider (Spider:4)
  A deep elf mage (Vaults:2)
  A centaur skeleton (D:13)
  2 jumping spiders (Spider:1)
  A worker ant (D:13)
  26 fungi
  7 plants
  9 toadstools (Swamp:2)
49 creatures vanquished.

Grand Total: 1620 creatures vanquished

Notes
Turn   | Place    | Note
-------+----------+-------------------------------------------
     0 | D:1      | shmeve the Minotaur Berserker began the quest for the Orb.
     0 | D:1      | Reached XP level 1. HP: 19/19 MP: 0/0
   140 | D:1      | Reached XP level 2. HP: 8/27 MP: 1/1
   833 | D:1      | Reached skill level 1 in Throwing
  1000 | D:2      | Found a faded altar of an unknown god.
  1012 | D:2      | Reached XP level 3. HP: 33/33 MP: 2/2
  1374 | D:2      | Reached XP level 4. HP: 40/40 MP: 3/3
  1404 | D:2      | Found a deep blue altar of Sif Muna.
  2465 | D:3      | Reached ** piety under Trog
  2493 | D:3      | Found an ancient bone altar of Kikubaaqudgha.
  2600 | D:4      | Reached XP level 5. HP: 47/47 MP: 4/4
  2765 | D:4      | Found a snail-covered altar of Cheibriados.
  2782 | D:4      | Found a hide-covered altar of Uskayaw.
  2783 | D:4      | Found a blossoming altar of Fedhas.
  2783 | D:4      | Found a hazy altar of Hepliaklqana.
  2784 | D:4      | Found a glowing golden altar of the Shining One.
  2787 | D:4      | Found a burning altar of Makhleb.
  2918 | D:4      | Reached skill level 5 in Axes
  2921 | D:4      | Reached skill level 5 in Fighting
  2923 | D:4      | Reached XP level 6. HP: 45/56 MP: 5/5
  3164 | D:4      | Found a staircase to the Ecumenical Temple.
  3218 | D:4      | Noticed Edmund
  3228 | D:4      | Killed Edmund
  3309 | D:4      | Reached XP level 7. HP: 62/62 MP: 6/6
  3407 | D:5      | Entered Level 5 of the Dungeon
  3981 | D:5      | Reached XP level 8. HP: 64/71 MP: 7/7
  4420 | D:6      | Reached *** piety under Trog
  4696 | D:6      | Reached skill level 5 in Throwing
  4922 | D:6      | Reached skill level 5 in Armour
  4998 | D:6      | Received a gift from Trog
  5070 | D:7      | Found a glowing silver altar of Zin.
  5070 | D:7      | Found an opulent altar of Gozag.
  5123 | D:7      | Reached skill level 5 in Dodging
  5186 | D:7      | Noticed a hippogriff
  5194 | D:7      | Killed a hippogriff
  5194 | D:7      | Reached XP level 9. HP: 69/81 MP: 8/8
  5482 | D:7      | Reached **** piety under Trog
  5482 | D:7      | Received a gift from Trog
  6997 | D:9      | Noticed a troll
  7006 | D:9      | Killed a troll
  7006 | D:9      | Reached XP level 10. HP: 43/91 MP: 9/9
  7197 | D:9      | Found Ohouwamn's Assorted Antiques.
  7205 | D:9      | Bought a scroll labeled MIMEENEKHUL for 24 gold pieces
  7205 | D:9      | Bought a scroll labeled FAKKOKL HAYP for 24 gold pieces
  7205 | D:9      | Bought a scroll labeled MIMEENEKHUL for 24 gold pieces
  7205 | D:9      | Bought a scroll labeled UTSOOM WOMPER for 24 gold pieces
  7205 | D:9      | Bought a scroll labeled MOIMAV VETHRIA for 24 gold pieces
  7205 | D:9      | Bought a scroll labeled ECIFRA ROQUNO for 24 gold pieces
  7205 | D:9      | Bought a scroll labeled OTIUNE ZUIVA for 24 gold pieces
  7205 | D:9      | Bought a scroll labeled SEALUOLARA for 24 gold pieces
  7269 | D:9      | Found Nugerof's Antique Weapon Shop.
  7541 | D:9      | Found Koohiv's Book Shop.
  7557 | D:9      | Noticed a two-headed ogre
  7569 | D:9      | Killed a two-headed ogre
  7569 | D:9      | Reached skill level 10 in Fighting
  7569 | D:9      | Reached skill level 10 in Axes
  7729 | D:9      | Found a radiant altar of Vehumet.
  7774 | D:9      | Received a gift from Trog
  7936 | D:9      | Found an ornate altar of the Wu Jian Council.
  8037 | D:9      | Found Itail's Distillery.
  8049 | D:9      | Bought a potion of agility for 60 gold pieces
  8049 | D:9      | Bought a potion of curing for 45 gold pieces
  8059 | D:10     | Entered Level 10 of the Dungeon
  8086 | D:10     | Noticed a gargoyle
  8093 | D:10     | Killed a gargoyle
  8252 | D:10     | Reached ***** piety under Trog
  8339 | D:10     | Found a staircase to the Lair.
  8350 | D:10     | Reached XP level 11. HP: 91/101 MP: 10/10
  8570 | D:10     | Received a gift from Trog
  9138 | D:11     | Received a gift from Trog
  9183 | D:11     | Found a staircase to the Orcish Mines.
  9252 | D:11     | Noticed a two-headed ogre
  9259 | D:11     | Killed a two-headed ogre
  9811 | D:12     | Noticed a six-headed hydra
  9817 | D:12     | Killed a six-headed hydra
  9920 | D:12     | Reached XP level 12. HP: 112/112 MP: 11/11
  9974 | D:12     | Reached skill level 10 in Throwing
 10297 | D:12     | Found Wiupp's Assorted Antiques.
 10320 | D:12     | Bought a shield for 153 gold pieces
 10320 | D:12     | Bought a glittering ivory ring for 170 gold pieces
 10321 | D:12     | Identified the ring "Jirech" {+Inv rF++ Dex+4 SInv} (You
                  | bought it in a shop on level 12 of the Dungeon)
 10598 | D:13     | Reached skill level 1 in Shields
 10639 | D:13     | Reached skill level 2 in Shields
 10644 | D:13     | Noticed a seven-headed hydra
 10650 | D:13     | Killed a nine-headed hydra
 10650 | D:13     | Reached skill level 3 in Shields
 10735 | D:13     | Noticed a tengu warrior
 10740 | D:13     | Reached skill level 4 in Shields
 10750 | D:13     | Killed a tengu warrior
 10750 | D:13     | Reached skill level 5 in Shields
 10825 | D:13     | Reached skill level 6 in Shields
 10937 | D:13     | Received a gift from Trog
 11248 | D:13     | Noticed a four-headed hydra
 11255 | D:13     | Killed a four-headed hydra
 11255 | D:13     | Reached skill level 7 in Shields
 11374 | D:13     | Found a gate to the Vaults.
 11374 | D:13     | Noticed a vault guard
 11374 | D:13     | Noticed a vault guard
 11374 | D:13     | Noticed a vault guard
 11374 | D:13     | Noticed a vault guard
 11374 | D:13     | Noticed a centaur warrior
 11380 | D:13     | Killed a centaur warrior
 11380 | D:13     | Reached skill level 8 in Shields
 11388 | D:13     | Killed a vault guard
 11388 | D:13     | Reached skill level 9 in Shields
 11394 | D:13     | Killed a vault guard
 11394 | D:13     | Reached skill level 10 in Shields
 11406 | D:13     | Killed a vault guard
 11406 | D:13     | Killed a vault guard
 11409 | D:13     | Reached XP level 13. HP: 48/119 MP: 12/12
 11411 | D:13     | Reached skill level 11 in Shields
 11963 | D:14     | Reached skill level 12 in Shields
 12188 | D:14     | Reached skill level 13 in Shields
 12226 | D:14     | Got a slimy ring mail
 12234 | D:14     | Identified the cursed +1 ring mail of a ziggurat {rF- MR+
                  | Str+9} (You found it on level 14 of the Dungeon)
 12547 | D:15     | Entered Level 15 of the Dungeon
 12548 | D:15     | Noticed Josephine
 12559 | D:15     | Killed Josephine
 12658 | D:15     | Found an opulent altar of Gozag.
 12778 | D:15     | Paralysed by an orc sorcerer for 6 turns
 12787 | D:15     | Received a gift from Trog
 12814 | D:15     | Found a staircase to the Depths.
 12987 | Lair:1   | Entered Level 1 of the Lair of Beasts
 13122 | Lair:1   | Found a labyrinth entrance.
 13850 | Lair:2   | Reached XP level 14. HP: 124/128 MP: 4/13
 14690 | Lair:3   | Found a staircase to the Swamp.
 14700 | Lair:3   | Reached skill level 14 in Shields
 14708 | Lair:3   | Got a scorched war axe
 14712 | Lair:3   | Identified the +8 war axe "Ceikyach" {freeze, rN++} (You
                  | found it on level 3 of the Lair of Beasts)
 14887 | Lair:3   | Found a hole to the Spider Nest.
 15467 | Lair:3   | Received a gift from Trog
 16231 | Lair:4   | Noticed Snorg
 16244 | Lair:4   | Killed Snorg
 16928 | Lair:5   | Found a viscous altar of Jiyva.
 16928 | Lair:5   | Found a staircase to the Slime Pits.
 17376 | Lair:5   | Reached skill level 10 in Armour
 17440 | Lair:6   | Entered Level 6 of the Lair of Beasts
 17567 | Lair:6   | Received a gift from Trog
 17817 | Lair:6   | Reached XP level 15. HP: 129/137 MP: 4/14
 17941 | Lair:6   | Received a gift from Trog
 18074 | Lair:6   | Reached skill level 15 in Shields
 18204 | Lair:6   | Reached ****** piety under Trog
 18787 | Orc:1    | Entered Level 1 of the Orcish Mines
 18869 | Orc:1    | Noticed Maurice
 18877 | Orc:1    | Killed Maurice
 19146 | Orc:1    | Reached skill level 10 in Dodging
 19311 | Orc:1    | Received a gift from Trog
 19500 | Orc:1    | Found a roughly hewn altar of Beogh.
 19619 | Orc:2    | Entered Level 2 of the Orcish Mines
 19826 | Orc:2    | Noticed Saint Roka
 19830 | Orc:2    | Found a roughly hewn altar of Beogh.
 19830 | Orc:2    | Found Bocze's Armour Shop.
 19855 | Orc:2    | Killed Saint Roka
 19978 | Orc:2    | Noticed an orc warlord
 19983 | Orc:2    | Found Sefun's Antique Armour Emporium.
 19987 | Orc:2    | Found a roughly hewn altar of Beogh.
 19994 | Orc:2    | Killed an orc warlord
 20001 | Orc:2    | Found Bulizukast's Antique Weapon Shoppe.
 20046 | Orc:2    | Found a staircase to the Elven Halls.
 20299 | Orc:2    | Found a roughly hewn altar of Beogh.
 20311 | Orc:2    | Received a gift from Trog
 20325 | Orc:2    | Found Xyefoath's Assorted Antiques.
 20330 | Orc:2    | Bought a scroll labeled LUAMMIN HUGH for 32 gold pieces
 20330 | Orc:2    | Bought a scroll of identify for 64 gold pieces
 20330 | Orc:2    | Bought a potion of might for 128 gold pieces
 20370 | Orc:2    | Found a roughly hewn altar of Beogh.
 20403 | Orc:2    | Found a runed gate.
 20403 | Orc:2    | Found a runed gate.
 20405 | Orc:2    | Found a runed gate.
 20405 | Orc:2    | Noticed zhngchq's ghost (journeyman DDFi)
 20430 | Orc:2    | Killed zhngchq's ghost
 20526 | Orc:2    | Bought a pair of boots for 81 gold pieces
 20526 | Orc:2    | Bought a shiny plate armour for 468 gold pieces
 20750 | Orc:2    | Found a roughly hewn altar of Beogh.
 20974 | Spider:1 | Entered Level 1 of the Spider Nest
 21021 | Spider:1 | Noticed Louise
 21031 | Spider:1 | Killed Louise
 21031 | Spider:1 | Received a gift from Trog
 21081 | Spider:1 | Reached skill level 15 in Fighting
 21311 | Spider:1 | Reached skill level 15 in Axes
 21315 | Spider:1 | Received a gift from Trog
 21375 | Spider:1 | Noticed Agnes
 21386 | Spider:1 | Killed Agnes
 21565 | Spider:1 | Reached XP level 16. HP: 87/148 MP: 5/15
 22043 | Spider:2 | Identified a scroll of acquirement
 22091 | Spider:2 | Found a frozen archway.
 22122 | Spider:2 | Received a gift from Trog
 22166 | Spider:2 | Reached skill level 16 in Shields
 22607 | Spider:3 | Noticed Nikola
 22628 | Spider:3 | Killed Nikola
 22788 | Spider:3 | Noticed Kirke
 22799 | Spider:3 | Killed Kirke
 23062 | Spider:3 | Received a gift from Trog
 23188 | Spider:3 | Received a gift from Trog
 23535 | Spider:4 | Entered Level 4 of the Spider Nest
 24196 | Spider:4 | Reached XP level 17. HP: 157/157 MP: 0/16
 24203 | Spider:4 | Received a gift from Trog
 24305 | Spider:4 | Got a gossamer rune of Zot
 24557 | Swamp:1  | Entered Level 1 of the Swamp
 24601 | Swamp:1  | Received a gift from Trog
 24615 | Swamp:1  | Reached skill level 17 in Shields
 25216 | Swamp:2  | Received a gift from Trog
 25683 | Swamp:2  | Received a gift from Trog
 26673 | Swamp:4  | Entered Level 4 of the Swamp
 26725 | Swamp:4  | Received a gift from Trog
 27912 | Swamp:4  | Got a decaying rune of Zot
 28258 | Vaults:1 | Entered Level 1 of the Vaults
 28280 | Vaults:1 | Reached XP level 18. HP: 170/170 MP: 5/17
 28292 | Vaults:1 | Found Tuciolak's Gadget Shoppe.
 28309 | Vaults:1 | Found Masag's Assorted Antiques.
 28316 | Vaults:1 | Bought a scroll of identify for 66 gold pieces
 28316 | Vaults:1 | Bought a potion of curing for 99 gold pieces
 28366 | Vaults:1 | Paralysed by a sphinx for 3 turns
 28584 | Vaults:1 | Received a gift from Trog
 28756 | Vaults:1 | Received a gift from Trog
 28907 | Vaults:1 | Got a translucent ring mail
 28908 | Vaults:1 | Identified the cursed +0 ring mail of the Thistle {MR+
                  | Str+3 Dex+7} (You found it on level 1 of the Vaults)
 29093 | Vaults:1 | Found Lunil's Food Shoppe.
 29106 | Vaults:1 | Reached skill level 18 in Shields
 29150 | Vaults:1 | Found Maremi's Gadget Shop.
 29548 | Vaults:1 | Got a jewelled ring mail
 29559 | Vaults:1 | Identified the cursed +0 ring mail of Wewif {Str+2} (You
                  | found it on level 1 of the Vaults)
 29615 | Vaults:1 | Found Zeorch Eseicw's Weapon Emporium.
 29707 | Vaults:1 | Reached skill level 15 in Throwing
 30041 | Vaults:2 | Received a gift from Trog
 30283 | Vaults:2 | Received a gift from Trog
 30536 | Vaults:2 | Reached XP level 19. HP: 179/179 MP: 6/18
 30565 | Vaults:2 | Found Sunedgh's Magic Scroll Shop.
 30592 | Vaults:2 | Bought a scroll of blinking for 120 gold pieces
 30592 | Vaults:2 | Bought a scroll of teleportation for 48 gold pieces
 30592 | Vaults:2 | Bought a scroll of teleportation for 48 gold pieces
 30592 | Vaults:2 | Bought a scroll of identify for 32 gold pieces
 30592 | Vaults:2 | Bought a scroll of remove curse for 48 gold pieces
 30592 | Vaults:2 | Bought a scroll of remove curse for 48 gold pieces
 30592 | Vaults:2 | Bought a scroll of teleportation for 48 gold pieces
 30718 | Vaults:2 | Received a gift from Trog
 31349 | Vaults:2 | Found a staircase to the Crypt.
 32021 | Vaults:3 | Reached skill level 19 in Shields
 32026 | Vaults:3 | Received a gift from Trog
 32337 | Vaults:3 | You fall through a shaft!
 32484 | Vaults:4 | Received a gift from Trog
 32638 | Vaults:4 | Reached XP level 20. HP: 189/189 MP: 6/19
 33754 | Vaults:5 | Entered Level 5 of the Vaults
 33765 | Vaults:5 | Received a gift from Trog
 33794 | Vaults:5 | Received a gift from Trog
 34015 | Vaults:5 | Reached skill level 20 in Shields
 34025 | Vaults:5 | Received a gift from Trog
 34027 | Vaults:5 | HP: 12/289 [titan (17)]
 34030 | Vaults:4 | HP: 4/289 [large abomination[a deep elf death mage] (12)]
 34032 | Vaults:4 | Mangled by a large abomination

Skill      XL: |  1  2  3  4  5  6  7  8  9 10 11 12 13 14 15 16 17 18 19 20 |
---------------+-------------------------------------------------------------+-----
Axes           | 4 5 6 8 9 10 12 13 14 15 16 17 18 19 | 19.6
Fighting       | 4 5 6 8 9 10 12 13 14 15 16 17 18 19 | 19.7
Throwing       | 1 2 3 4 5 7 8 9 10 11 12 13 14 15 16 | 16.8
Armour         | 3 4 5 6 7 8 9 10 11 12 13 14 | 14.5
Dodging        | 3 4 5 6 7 8 9 10 11 12 13 | 13.5
Shields        | 10 13 14 15 16 17 18 19 20 | 20.0

Action                   |  1- 3 |  4- 6 |  7- 9 | 10-12 | 13-15 | 16-18 | 19-21 || total
-------------------------+-------+-------+-------+-------+-------+-------+-------++-------
Melee: Hand axe          |    47 |   122 |   276 |       |       |       |       ||   445
       Headbutt          |     7 |    17 |    74 |    97 |   237 |   379 |   238 ||  1049
       War axe           |       |       |    53 |   234 |       |       |       ||   287
       Battleaxe         |       |       |       |   159 |    13 |       |       ||   172
       Broad axe         |       |       |       |       |   998 |  1251 |   660 ||  2909
Throw: Tomahawk          |       |       |    11 |    55 |     8 |       |       ||    74
       Throwing net      |       |       |     1 |       |     1 |       |       ||     2
       Javelin           |       |       |       |       |     8 |   115 |    13 ||   136
Invok: Berserk           |     2 |     2 |     4 |     8 |    15 |    15 |     5 ||    51
       Trog's Hand       |       |       |     1 |     2 |     7 |     8 |     4 ||    22
Evoke: Wand              |       |       |       |       |     7 |       |       ||     7
  Use: Scroll            |       |       |       |     5 |    33 |    14 |     1 ||    53
       Potion            |       |       |       |       |       |     6 |     1 ||     7
 Stab: Distracted        |       |       |       |       |     1 |       |       ||     1
  Eat: Chunk             |     2 |     9 |    17 |    20 |    43 |    30 |    14 ||   135
       Ration            |       |       |       |     1 |     2 |     5 |     1 ||     9
Armor: Animal skin       |     6 |     3 |       |       |       |       |       ||     9
       Chain mail        |       |    30 |   112 |   136 |   133 |       |       ||   411
       Plate armour      |       |       |       |       |    77 |   473 |    77 ||   627
Dodge: Dodged            |    36 |    93 |   274 |   433 |   603 |   833 |   187 ||  2459
       Deflected         |       |       |       |    12 |    12 |    12 |    13 ||    49
Block: Shield            |       |       |       |       |   684 |       |       ||   684
       Large shield      |       |       |       |       |   209 |  2070 |   765 ||  3044
